 Dungeon Crawl Stone Soup version 0.14.0-6-g1bc2dff (webtiles) character file.

42790 Medar the Convoker (level 13, -1/105 HPs)
             Began as a Centaur Summoner on Apr 11, 2014.
             Was the Champion of Sif Muna.
             Shot with a poisoned arrow of flame by Nessos (15 damage)
             ... on Level 4 of the Orcish Mines.
             The game lasted 02:40:06 (37144 turns).

Medar the Convoker (Centaur Summoner)              Turns: 37144, Time: 02:40:06

HP  -1/105       AC 12     Str 13      XL: 13   Next: 76%
MP   4/29        EV 10     Int 25      God: Sif Muna [******]
Gold 2028        SH  0     Dex 11      Spells:  7 memorised,  0 levels left

rFire  . . .     SeeInvis .     b - staff of summoning {!a}
rCold  + . .     Clarity  +     M - +3 leather armour of Brilliance {Str+2 Int+3}
rNeg   . . .     Conserve .     (no shield)
rPois  .         rCorr    .     K - +2 helmet
rElec  .         rRot     .     (no cloak)
SustAb . .       Spirit   .     U - +0 pair of gloves
rMut   .         Warding  +     (no barding)
Saprov . . .     Stasis   .     n - amulet of clarity
MR     .....                    p - ring of protection from cold
                                N - +4 ring of intelligence

@: lethally poisoned, very quick, not resistant to hostile enchantments, very
unstealthy
A: hooves 3, deformed body, herbivore 1, speed 2, fast metabolism 1, sense
surroundings 1, tough skin 3
a: Channel Energy, Forget Spell, Renounce Religion


You were on level 4 of the Orcish Mines.
You worshipped Sif Muna.
Sif Muna was exalted by your worship.
You were hungry.

You visited 4 branches of the dungeon, and saw 23 of its levels.
You also visited: Labyrinth.

You collected 2028 gold pieces.

Inventory:

Hand weapons
 a - the +5,+9 spear of Might {speed, rF+ Int+2}
   (You found it on level 5 of the Dungeon)

   Attacks with this weapon are significantly faster.
   It affects your intelligence (+2).
   It protects you from fire.
 F - the +2,+0 mace of Tievvem {flame, +Blink rPois rN+}
   (You found it on level 5 of the Dungeon)

   It emits flame when wielded, causing extra injury to most foes and up to
   double damage against particularly susceptible opponents.
   It protects you from poison.
   It protects you from negative energy.
   It lets you blink.
 H - the +9,+7 sling of Nag Coti {frost, rC++ Dex+3 SInv}
   (You found it on level 7 of the Dungeon)

   It turns projectiles fired from it into bolts of frost.
   It affects your dexterity (+3).
   It greatly protects you from cold.
   It enhances your eyesight.
Missiles
 g - 9 tomahawks (quivered)
Armour
 K - a +2 helmet (worn)
 L - a troll hide
 M - the +3 leather armour of Brilliance (worn) {Str+2 Int+3}
   (You found it in a labyrinth)

   It affects your strength (+2).
   It affects your intelligence (+3).
 U - a +0 pair of gloves (worn)
Magical devices
 E - a wand of cold (2)
 J - a wand of teleportation (4)
 S - a wand of fireball (1)
 X - a wand of frost (5)
Comestibles
 c - 4 rotting chunks of troll flesh
 i - a meat ration
 o - a chunk of orc flesh
 q - 4 chunks of orc flesh
Scrolls
 e - a scroll of magic mapping
 f - 4 scrolls of teleportation
 k - 2 scrolls of summoning
 t - 3 scrolls of remove curse
 u - a scroll of vulnerability
 I - a scroll of blinking
Jewellery
 n - an amulet of clarity (around neck)
 p - a ring of protection from cold (right hand)
 r - an uncursed ring of poison resistance {unknown}
 w - an uncursed ring of poison resistance {unknown}
 N - a +4 ring of intelligence (left hand)
 O - an uncursed ring of positive energy
Potions
 j - a potion of might
 l - 7 potions of curing
 s - a potion of brilliance
 x - 3 potions of agility
 z - a potion of haste
 B - 2 potions of porridge
 C - a potion of flight
 D - a potion of magic
Books
 d - Sif Muna's Almanac of Summoning
   (Sif Muna gifted it to you on level 1 of the Orcish Mines)

   Spells                             Type                      Level
   Summon Butterflies                 Summoning                    1
   Summon Small Mammal                Summoning                    1
   Call Imp                           Summoning                    2
   *Summon Forest                     Summoning/Translocation      5
   Haunt                              Necromancy/Summoning         7
 h - a book of Hinderance

   Spells                             Type                      Level
   Confusing Touch                    Hexes                        1
   Confuse                            Hexes                        3
   Petrify                            Transmutation/Earth          4
   Leda's Liquefaction                Hexes/Earth                  4
   Metabolic Englaciation             Hexes/Ice                    5
   Summon Mana Viper                  Hexes/Summoning              5
 m - a book of the Warp

   Spells                             Type                      Level
   Control Teleport                   Charms/Translocation         4
   Phase Shift                        Translocation                5
   Warp Weapon                        Charms/Translocation         5
   *Summon Forest                     Summoning/Translocation      5
   Dispersal                          Translocation                6
   Controlled Blink                   Translocation                7
   Disjunction                        Translocation                8
Magical staves
 b - an uncursed staff of summoning (weapon) {!a}


   Skills:
 - Level 7.0 Fighting
 - Level 3.0 Armour
 - Level 3.5 Dodging
 - Level 1.2 Stealth
 - Level 9.3 Spellcasting
 + Level 15.9 Summonings
 - Level 4.0 Ice Magic
 - Level 4.0 Air Magic


You couldn't memorise any spells.
You knew the following spells:

 Your Spells              Type           Power        Failure   Level  Hunger
c - Forceful Dismissal    Summ           #######...   1%          6    ######.
f - Call Canine Familiar  Summ           #######.     1%          3    None
g - Summon Lightning Spi  Summ/Air       #######.     1%          4    #......
h - Summon Forest         Summ/Tloc      ######....   8%          5    ###....
j - Shadow Creatures      Summ           N/A          1%          5    ###....
s - Summon Ice Beast      Ice/Summ       #######.     1%          4    #......
v - Abjuration            Summ           #######...   1%          3    None


Dungeon Overview and Level Annotations

Branches:
Dungeon (10/15)            Temple (1/1) D:5             Orc (4/4) D:10
    Elf (0/3) Orc:3          Lair (8/8) D:10         Shoals (0/5) Lair:6
 Spider (0/5) Lair:4        Slime (0/6) Lair:8

Altars:
Ashenzari
Cheibriados
Dithmenos
Elyvilon
Fedhas
Kikubaaqudgha
Makhleb
Nemelex Xobeh
Okawaru
Sif Muna
Trog
Vehumet
Xom
Yredelemnul
Zin
The Shining One
Jiyva

Annotations:
Orc:4 Nessos
Lair:5 exclusion: 2 oklob plants


Innate Abilities, Weirdness & Mutations

You have hooves in place of feet.
Armour fits poorly on your strangely shaped body.
You digest meat inefficiently.
You cover ground very quickly.
You have a fast metabolism.
You have extremely tough skin (AC +3).
You passively map a small area around you.


Message History

You are more poisoned.
You feel very sick.
Nessos blinks!
Nessos shoots a poisoned arrow of flame.
The poisoned arrow of flame hits you!
You are lethally poisoned!
Read which item? (? for menu, Esc to quit)
As you read the scroll of fog, it crumbles to dust.
The scroll dissolves into smoke.
* * * LOW HITPOINT WARNING * * *
You feel very sick.
You feel roots moving beneath the ground.
Nessos shoots a poisoned arrow of flame.
The poisoned arrow of flame hits you!
You are more poisoned.
* * * LOW HITPOINT WARNING * * *
Nessos shoots a poisoned arrow of flame.
The poisoned arrow of flame hits you!
You are more poisoned.
You die...

.... ,, ..≈≈.....# *
.8... .♣........§. ,
..♣4.. ...♣..)....$..
.o.f... ............♣♣.
....... ....)....R).....
o........♣......g..#.c..
.............#).§..)..#.
o....# ....♣#.h♣§#.♣.....
*
I............).§@§§##....
o..........#♣.(§§§...#..#
h.....#*...#.....♣.......
$#o♣.###........%.....#.
#...o. #♣......%.....♣#*
.o o. ....#♣$♣.)...####
..o. ....#..≈≈≈.#♣## f ,
, ..♣#.≈.≈.#### ##...≈≈≈.


You could see Nessos, a friendly dryad and a friendly warg.

Vanquished Creatures
  A griffon (Lair:7)
  7 elephants
  A queen ant (Lair:3)
  A black mamba (Lair:7)
  A spiny frog (Lair:6)
  A feature mimic (Orc:2)
  A fire drake (Lair:8)
  3 komodo dragons
  4 blink frogs (Lair:7)
  A basilisk (Lair:2)
  A grizzly bear (Lair:8)
  19 yaks
  A steam dragon (D:10)
  2 soldier ants (Lair:3)
  A warg (Orc:2)
  Menkaure (D:5)
  6 wolves
  3 porcupines
  An ice beast (D:10)
  6 water moccasins
  6 spiders (Lair:4)
  2 black bears
  A sky beast (D:5)
  2 ogres
  2 orc warriors
  3 centaurs
  A phantom (D:8)
  16 giant frogs
  5 crocodiles
  6 giant slugs
  2 scorpions
  5 wights
  An eye of draining (D:9)
  3 crimson imps
  A killer bee (Lair:7)
  A black bear zombie (D:6)
  A quasit (D:10)
  2 orc priests
  10 hounds
  8 iguanas
  A giant frog skeleton (D:6)
  6 orc wizards
  19 worker ants
  A gnoll (D:6)
  25 green rats
  A shadow imp (D:10)
  13 adders
  An inept item mimic (Orc:1)
  4 giant mites
  3 worms
  A giant eyeball (D:5)
  11 giant geckos
  36 orcs
  A ball python (D:3)
  A bat skeleton (D:6)
  3 giant cockroaches
  11 hobgoblins
  13 jackals
  9 kobolds
  8 quokkas
  17 bats
  7 giant newts
  20 goblins
  An orc skeleton (D:10)
  12 rats
  2 ballistomycetes (D:8)
367 creatures vanquished.

Vanquished Creatures (collateral kills)
  A minotaur (Lab)
  Harold (D:10)
  2 hydras
  5 death yaks (Lair:8)
  A deep troll shaman (Lair:8)
  Urug (D:10)
  Nergalle (Lair:2)
  A catoblepas (Lair:8)
  An orc knight (Orc:4)
  A hill giant (D:10)
  An orc sorcerer (Orc:4)
  Joseph (Orc:3)
  2 griffons
  A cyclops (D:9)
  2 black mambas (Lair:4)
  22 elephants
  A gargoyle (D:10)
  7 spiny frogs
  A fire drake (Lair:8)
  2 polar bears
  10 komodo dragons
  2 trolls
  A jumping spider (Lair:7)
  7 blink frogs
  A boulder beetle (Lair:7)
  A queen bee (Lair:7)
  A deep elf mage (D:9)
  3 spectral orcs (Lair:2)
  2 basilisks (Lair:7)
  3 redbacks (Lair:7)
  4 grizzly bears
  2 wyverns (Lair:6)
  A hill giant zombie (D:5)
  2 tarantellas (Lair:7)
  55 yaks
  Eustachio (D:9)
  An elephant slug (Lair:7)
  6 wolves
  6 hippogriffs
  6 water moccasins
  4 soldier ants (Lair:3)
  3 wargs
  2 necrophages (D:10)
  5 porcupines
  7 orc warriors
  A sky beast (D:10)
  2 spiders (Lair:4)
  3 ice beasts
  A black bear (Lair:4)
  A centaur (D:9)
  A boring beetle (Lair:7)
  Duvessa (D:8)
  4 giant slugs
  12 crocodiles
  5 ogres
  A gnoll sergeant (D:8)
  6 giant frogs
  23 killer bees (Lair:7)
  A scorpion (D:10)
  An electric eel (Lair:5)
  4 wights
  3 crimson imps
  A jelly (D:10)
  Dowan (D:8)
  4 hounds
  18 orc priests
  20 orc wizards
  12 worker ants
  5 iguanas
  Ijyb (D:6)
  24 sheep
  A hound zombie (D:9)
  A mummy (D:6)
  An ogre skeleton (D:4)
  8 gnolls
  10 adders
  A shadow imp (D:8)
  A giant mite (D:3)
  30 green rats
  A worm (Lair:2)
  An orc skeleton (D:6)
  A giant eyeball (D:5)
  3 giant geckos
  An ooze (D:1)
  83 orcs
  11 goblins
  4 hobgoblins
  2 ball pythons
  2 bats
  4 giant cockroaches
  A giant newt (D:1)
  A hobgoblin skeleton (D:4)
  2 jackals (D:1)
  A kobold (D:3)
  3 rats
  A ballistomycete (D:8)
  5 fungi
  6 plants
533 creatures vanquished.

Vanquished Creatures (others)
  Fannar (Lair:6)
  A death yak (Lair:8)
  3 dryads
  3 wargs
  75 ice beasts
  20 lightning spires
  5 hounds
  6 crimson imps
  A shadow imp (Lair:5)
  6 white imps
  An orc (Orc:3)
  A bat (D:1)
  A giant spore (D:8)
  A goblin (Orc:4)
  3 quokkas
  6 rats
  4 bushes
  16 fungi
  9 plants
  5 snaplasher vines
  1994 snaplasher vine segments
2162 creatures vanquished.

Grand Total: 3062 creatures vanquished

Notes
Turn   | Place    | Note
--------------------------------------------------------------
     0 | D:1      | Medar, the Centaur Summoner, began the quest for the Orb.
     0 | D:1      | Reached XP level 1. HP: 14/14 MP: 2/2
   337 | D:1      | Reached skill level 4 in Summonings
   551 | D:1      | Reached XP level 2. HP: 14/20 MP: 1/3
  1373 | D:2      | Learned a level 2 spell: Call Imp
  1722 | D:2      | Found a blossoming altar of Fedhas.
  2129 | D:2      | Reached XP level 3. HP: 15/26 MP: 0/5
  2987 | D:3      | Gained mutation: You passively map a small area around you. [potion of beneficial mutation]
  3170 | D:3      | Reached skill level 5 in Summonings
  3810 | D:3      | Reached XP level 4. HP: 8/33 MP: 1/5
  4616 | D:3      | Learned a level 3 spell: Call Canine Familiar
  4862 | D:3      | Reached XP level 5. HP: 19/38 MP: 8/8
  5778 | D:4      | Reached XP level 6. HP: 39/45 MP: 10/13
  6231 | D:4      | Learned a level 4 spell: Summon Lightning Spire
  6391 | D:4      | Found a white marble altar of Elyvilon.
  6495 | D:5      | Entered Level 5 of the Dungeon
  6532 | D:5      | Reached skill level 1 in Air Magic
  6577 | D:5      | Found an iron altar of Okawaru.
  6643 | D:5      | Got a dazzling spear
  6646 | D:5      | Got a slimy mace
  6650 | D:5      | Identified the +5,+9 spear of Might {speed, rF+ Int+2} (You found it on level 5 of the Dungeon)
  6651 | D:5      | Identified the cursed +2,+0 mace of Tievvem {flame, +Blink rPois rN+} (You found it on level 5 of the Dungeon)
  6805 | D:5      | Noticed Menkaure
  6816 | D:5      | Killed Menkaure
  6816 | D:5      | Reached XP level 7. HP: 50/50 MP: 6/15
  6838 | D:5      | Paralysed by a giant eyeball for 3 turns
  6856 | D:5      | Paralysed by a giant eyeball for 2 turns
  7092 | D:5      | Found a sparkling altar of Nemelex Xobeh.
  7151 | D:5      | Found a staircase to the Ecumenical Temple.
  7157 | Temple   | Entered the Ecumenical Temple
  7601 | D:5      | Noticed a hill giant zombie
  7621 | D:5      | Killed a hill giant zombie
  7621 | D:5      | Reached skill level 6 in Summonings
  7900 | D:6      | Found a bloodstained altar of Trog.
  8044 | D:6      | Found a deep blue altar of Sif Muna.
  8048 | D:6      | Became a worshipper of Sif Muna the Loreminder
  8059 | D:6      | Found a shattered altar of Ashenzari.
  8093 | D:6      | Reached skill level 7 in Summonings
  8106 | D:6      | Reached XP level 8. HP: 34/57 MP: 5/17
  8240 | D:6      | Noticed Ijyb
  8262 | D:6      | Killed Ijyb
  8902 | D:6      | Found a radiant altar of Vehumet.
  8914 | D:6      | Found an ancient bone altar of Kikubaaqudgha.
  8961 | D:6      | Acquired Sif Muna's first power
  9171 | D:6      | Reached skill level 8 in Summonings
  9437 | D:6      | Reached skill level 5 in Spellcasting
  9752 | D:7      | Acquired Sif Muna's second power
  9806 | D:7      | Got a slimy sling
  9809 | D:7      | Identified the +9,+7 sling of Nag Coti {frost, rC++ Dex+3 SInv} (You found it on level 7 of the Dungeon)
 10104 | D:7      | Reached XP level 9. HP: 51/62 MP: 20/20
 10950 | D:8      | Reached skill level 9 in Summonings
 10963 | D:8      | Learned a level 4 spell: Summon Ice Beast
 11478 | D:8      | Noticed Duvessa
 11478 | D:8      | Noticed Dowan
 11485 | D:8      | Killed Dowan
 11539 | D:8      | Killed Duvessa
 12082 | D:9      | Noticed Eustachio
 12118 | D:9      | Reached skill level 1 in Ice Magic
 12363 | D:9      | Found a shadowy altar of Dithmenos.
 12439 | D:9      | Killed Eustachio
 12499 | D:9      | Noticed a cyclops
 12595 | D:9      | Killed a cyclops
 13047 | D:9      | Reached skill level 1 in Fighting
 13297 | D:10     | Entered Level 10 of the Dungeon
 13297 | D:10     | Noticed a gargoyle
 13520 | D:10     | Reached XP level 10. HP: 75/77 MP: 14/22
 13612 | D:10     | Killed a gargoyle
 13767 | D:10     | Noticed Harold
 13971 | D:10     | Found a staircase to the Orcish Mines.
 13971 | D:10     | Noticed a hill giant
 13990 | D:10     | Killed a hill giant
 13990 | D:10     | Reached skill level 5 in Fighting
 14154 | D:10     | Found a staircase to the Lair.
 14154 | D:10     | Noticed Urug
 14288 | D:10     | Killed Urug
 14325 | D:10     | Killed Harold
 14724 | Lair:1   | Entered Level 1 of the Lair of Beasts
 15062 | Lair:1   | Reached skill level 1 in Armour
 16141 | Lair:2   | Noticed Nergalle
 16197 | Lair:2   | Noticed a spectral orc warlord
 16623 | Lair:2   | Reached XP level 11. HP: 71/92 MP: 12/23
 16655 | Lair:2   | Reached skill level 10 in Summonings
 16996 | Lair:2   | Killed Nergalle
 16996 | Lair:2   | Acquired Sif Muna's third power
 17789 | Lair:2   | Reached skill level 11 in Summonings
 19445 | Lair:3   | Reached skill level 12 in Summonings
 20668 | Lair:4   | Received a gift from Sif Muna
 20786 | Lair:4   | Identified Sif Muna's Handbook of Aerial Summoning (Sif Muna gifted it to you on level 4 of the Lair of Beasts)
 20809 | Lair:4   | Learned a level 6 spell: Forceful Dismissal
 20831 | Lair:4   | Reached skill level 13 in Summonings
 21032 | Lair:4   | Reached XP level 12. HP: 63/100 MP: 12/24
 21414 | Lair:4   | Found a hole to the Spider Nest.
 22833 | Lair:5   | Noticed a six-headed hydra
 22853 | Lair:5   | Killed a six-headed hydra
 23206 | Lair:5   | Reached skill level 14 in Summonings
 24327 | Lair:6   | Found a staircase to the Shoals.
 24875 | Lair:6   | Noticed Fannar
 25110 | Lair:6   | Killed Fannar
 25110 | Lair:6   | Received a gift from Sif Muna
 26326 | Lair:7   | Reached skill level 15 in Summonings
 28091 | Lair:7   | Reached XP level 13. HP: 96/105 MP: 17/25
 28100 | Lair:7   | Learned a level 5 spell: Summon Forest
 28934 | Lair:8   | Entered Level 8 of the Lair of Beasts
 28951 | Lair:8   | Found a staircase to the Slime Pits.
 28951 | Lair:8   | Found a viscous altar of Jiyva.
 29051 | Lair:8   | Found a labyrinth entrance.
 29092 | Lab      | Entered a labyrinth
 29602 | Lab      | Identified the Incunabulum of Mutagenic Clay
 29610 | Lab      | Got a bloodstained leather armour
 29618 | Lab      | Identified the +3 leather armour of Brilliance {Str+2 Int+3} (You found it in a labyrinth)
 29950 | Lair:7   | Received a gift from Sif Muna
 30017 | Lair:7   | Identified Sif Muna's Compendium of the Escort (Sif Muna gifted it to you on level 7 of the Lair of Beasts)
 32838 | Lair:8   | Got a shimmering ring mail
 32849 | Lair:8   | Identified the +1 ring mail of Pessimism {Str-4} (You found it on level 8 of the Lair of Beasts)
 32850 | Lair:8   | Got a brightly glowing fire dragon armour
 32866 | Lair:8   | Identified the cursed -3 fire dragon armour of the Special Hells {rF++ rC- Int+3} (You found it on level 8 of the Lair of Beasts)
 33168 | Lair:1   | Learned a level 5 spell: Shadow Creatures
 33172 | Lair:1   | Learned a level 3 spell: Abjuration
 33198 | Orc:1    | Entered Level 1 of the Orcish Mines
 33424 | Orc:1    | Received a gift from Sif Muna
 33426 | Orc:1    | Identified Sif Muna's Almanac of Summoning (Sif Muna gifted it to you on level 1 of the Orcish Mines)
 35496 | Orc:3    | Found a staircase to the Elven Halls.
 35499 | Orc:3    | Noticed Joseph
 35517 | Orc:3    | Killed Joseph
 36050 | Orc:4    | Entered Level 4 of the Orcish Mines
 36054 | Orc:4    | Noticed Nessos
 36057 | Orc:4    | Noticed an orc warlord
 37144 | Orc:4    | Shot with a poisoned arrow of flame by Nessos

Action                   |  1- 3 |  4- 6 |  7- 9 | 10-12 | 13-15 || total
-------------------------+-------+-------+-------+-------+-------++-------
Melee: Dagger            |    88 |       |       |       |       ||    88
       Unarmed           |     6 |       |       |       |       ||     6
       Short sword       |    27 |       |       |       |       ||    27
       War axe           |    19 |   116 |       |       |       ||   135
       Lajatang          |       |    29 |       |       |       ||    29
       Spear             |       |    13 |   338 |   753 |   301 ||  1405
       Mace              |       |       |       |     5 |       ||     5
 Cast: Summon Small Mamm |    28 |       |       |       |       ||    28
       Call Imp          |    21 |    36 |    42 |     7 |       ||   106
       Call Canine Famil |       |     4 |    21 |     5 |     2 ||    32
       Summon Lightning  |       |       |    18 |    50 |     6 ||    74
       Summon Ice Beast  |       |       |    13 |   217 |   154 ||   384
       Forceful Dismissa |       |       |       |     9 |     1 ||    10
       Summon Forest     |       |       |       |       |    24 ||    24
       Shadow Creatures  |       |       |       |       |     8 ||     8
Invok: Forget Spell      |       |       |       |     1 |       ||     1
Evoke: Wand              |       |     1 |     4 |     3 |       ||     8
  Use: Scroll            |     4 |     2 |     8 |     8 |     7 ||    29
       Potion            |     1 |       |     1 |     1 |       ||     3
 Stab: Distracted        |     1 |     3 |     1 |     6 |     1 ||    12
